 Dungeon Sprint DCSS version 0.26-a0-1101-g8f9f7f7418 (webtiles) character file.

Game seed: 6056597461217393907

22000000 Adamkad1 the Axe Maniac (level 27, -77/249 HPs)
             Began as a Formicid Fighter on Dec 15, 2020.
             Was the Champion of Makhleb.
             Annihilated by a vile
             ... wielding a +0 mace
              (87 damage)
             ... in the Dungeon (Sprint VIII: "Arena of Blood").
             The game lasted 00:03:38 (220 turns).

Adamkad1 the Axe Maniac (Formicid Fighter)           Turns: 220, Time: 00:03:38

Health: -77/249    AC: 13    Str: 24    XL:     27
Magic:  54/54      EV: 32    Int:  9    God:    Makhleb [******]
Gold:   0          SH:  0    Dex: 19    Spells: 80/80 levels left

rFire    . . .     SeeInvis +   h - +∞ Axe of Woe
rCold    . . .     Faith    .   c - +0 kite shield
rNeg     . . .     Spirit   .   b - +0 scale mail
rPois    .         Reflect  .   (helmet unavailable)
rElec    .         Harm     .   (no cloak)
rCorr    .         Rampage  .   (no gloves)
Will     ++...                  (no boots)
Stlth    ++........             (no amulet)
HPRegen  0.51/turn              (no ring)
MPRegen  0.34/turn              (no ring)

@: confused
A: permanent stasis, dig shafts and tunnels, four strong arms, antennae 3
a: Dig, Minor Destruction, Lesser Servant of Makhleb, Major Destruction, Greater
Servant of Makhleb, Renounce Religion


You were in the Dungeon.
You worshipped Makhleb.
Makhleb was exalted by your worship.
You visited 1 branch

Inventory:

Hand Weapons
 a - a +0 war axe
 h - the +∞ Axe of Woe (weapon)
   (You found it in the Dungeon)
Armour
 b - a +0 scale mail (worn)
 c - a +0 kite shield (worn)
Potions
 d - a potion of might
 e - a potion of curing
 g - 2 potions of magic


   Skills:
 O Level 27 Fighting
 O Level 27 Short Blades
 O Level 27 Long Blades
 O Level 27 Axes
 O Level 27 Maces & Flails
 O Level 27 Polearms
 O Level 27 Staves
 O Level 27 Slings
 O Level 27 Bows
 O Level 27 Crossbows
 O Level 27 Throwing
 O Level 27 Armour
 O Level 27 Dodging
 O Level 27 Stealth
 O Level 27 Shields
 O Level 27 Unarmed Combat
 O Level 27 Spellcasting
 O Level 27 Conjurations
 O Level 27 Hexes
 O Level 27 Summonings
 O Level 27 Necromancy
 O Level 27 Translocations
 O Level 27 Transmutations
 O Level 27 Fire Magic
 O Level 27 Ice Magic
 O Level 27 Air Magic
 O Level 27 Earth Magic
 O Level 27 Poison Magic
 O Level 27 Invocations
 O Level 27 Evocations


You had 80 spell levels left.
You didn't know any spells.
Your spell library was empty.

Dungeon Overview and Level Annotations

Branches:
Dungeon (1/1)

Altars:
Makhleb

Annotations:
D The Captor


Innate Abilities, Weirdness & Mutations

You cannot be hasted, slowed, berserked, paralysed or teleported.
You can dig through walls and to a lower floor.
Your four strong arms can wield two-handed weapons with a shield.
You have a pair of large antennae on your head. (SInv)


Message History

You hear a shout! x4
The accursed gestures at you while chanting.
Something smites you!
* * * LOW HITPOINT WARNING * * *
You hear a shout! x4
The dread calls on the powers of darkness!
The eight-headed meat hydra convulses!
Your body is wracked with pain!
* * * LOW HITPOINT WARNING * * *
You hear a shout!
The eight-headed meat hydra calls on the powers of darkness!
The eight-headed meat hydra convulses!
Your body is wracked with pain!
* * * LOW HITPOINT WARNING * * *
You hear a shout! x3
You feel much better.
You are engulfed in blazing flames.
* * * LOW HITPOINT WARNING * * *
You hear a shout!
The vile hits you with a +0 mace.
* * * LOW HITPOINT WARNING * * *
You are engulfed in flames!!!!
You die...

#....#.o.......
#....##.......#
#.....#...{.#.. ##
#=.....###..... #.#
#{.{..##{{..#.. #.#
#{{.{#..○°))°)# #.#
#{{{{#M.)))).).
#.###{{{{)..))))○).
#@#{{{{...........
##9#{{{...........
##§M{.{.....#....
#...{....#.#.#.
#D..W.....#.#..
#{.###...#.#.#.
#... ##...#.#. ....


You could see an accursed, an eight-headed meat hydra, a dread and a vile
(fast).

Vanquished Creatures
  6 hell knights (D)
  3 hell beasts (D)
  A royal mummy (D)
  2 great orbs of eyes (D)
  2 wraiths (D)
  7 vampire knights (D)
  29 ogres (D)
  3 two-headed ogres (D)
  A lich (D)
  5 hydras (D)
  53 orcs (D)
  5 skeletal warriors (D)
  7 large abominations (D)
  A small abomination (D)
  2 crawling corpses (D)
127 creatures vanquished.

Vanquished Creatures (others)
  2 crawling corpses (D)
2 creatures vanquished.

Grand Total: 129 creatures vanquished

Notes
Turn   | Place    | Note
-------+----------+-------------------------------------------
     0 | D        | Found the +∞ Axe of Woe
     0 | D        | Adamkad1 the Formicid Fighter began the quest for the Orb.
     0 | D        | Reached XP level 1. HP: 18/18 MP: 1/1
     3 | D        | Became a worshipper of Makhleb the Destroyer
     6 | D        | Noticed a bag of meat
     6 | D        | Noticed a bag of meat
     6 | D        | Noticed a bag of meat
     6 | D        | Noticed a bag of meat
     6 | D        | Noticed a bag of meat
     6 | D        | Noticed a meat berserker
     7 | D        | Noticed a bag of meat
     7 | D        | Noticed a meat berserker
     8 | D        | Killed a bag of meat
     8 | D        | Noticed a bag of meat
     9 | D        | Reached skill level 15 in Shields
     9 | D        | Reached XP level 2. HP: 43/43 MP: 2/2
     9 | D        | Reached XP level 3. HP: 49/49 MP: 3/3
     9 | D        | Reached XP level 4. HP: 56/56 MP: 4/4
     9 | D        | Reached XP level 5. HP: 62/62 MP: 5/5
     9 | D        | Reached XP level 6. HP: 69/69 MP: 6/6
     9 | D        | Reached XP level 7. HP: 75/75 MP: 7/7
     9 | D        | Reached XP level 8. HP: 82/82 MP: 8/8
     9 | D        | Reached XP level 9. HP: 88/88 MP: 9/9
     9 | D        | Reached XP level 10. HP: 95/95 MP: 10/10
     9 | D        | Reached XP level 11. HP: 101/101 MP: 11/11
     9 | D        | Reached XP level 12. HP: 108/108 MP: 12/12
     9 | D        | Noticed a meat berserker
    10 | D        | Killed a meat berserker
    10 | D        | Reached * piety under Makhleb
    11 | D        | Reached XP level 13. HP: 106/122 MP: 13/13
    11 | D        | Reached XP level 14. HP: 113/130 MP: 14/14
    11 | D        | Killed a meat berserker
    11 | D        | Killed a bag of meat
    11 | D        | Noticed a bag of meat
    11 | D        | Noticed a bag of meat
    12 | D        | Reached XP level 15. HP: 143/143 MP: 15/15
    12 | D        | Reached XP level 16. HP: 150/150 MP: 16/16
    13 | D        | Reached ** piety under Makhleb
    13 | D        | Noticed a meat berserker
    15 | D        | Killed a meat berserker
    16 | D        | Reached skill level 27 in Axes
    16 | D        | Reached XP level 17. HP: 168/168 MP: 17/17
    16 | D        | Noticed a meat berserker
    16 | D        | Reached *** piety under Makhleb
    16 | D        | Noticed a meat berserker
    16 | D        | Noticed a meat berserker
    17 | D        | Reached skill level 27 in Shields
    17 | D        | Reached XP level 18. HP: 179/179 MP: 18/18
    17 | D        | Noticed a meat berserker
    17 | D        | Noticed a meat berserker
    18 | D        | Noticed a meat berserker
    18 | D        | Noticed a meat berserker
    18 | D        | Noticed a meat berserker
    19 | D        | Noticed a meat berserker
    20 | D        | Noticed a meat berserker
    20 | D        | Noticed a meat berserker
    20 | D        | Noticed a meat berserker
    20 | D        | Noticed a meat berserker
    21 | D        | Killed a meat berserker
    21 | D        | Killed a meat berserker
    21 | D        | Noticed a destroyer
    22 | D        | Reached skill level 27 in Fighting
    22 | D        | Reached skill level 27 in Armour
    22 | D        | Reached skill level 5 in Short Blades
    22 | D        | Reached skill level 5 in Long Blades
    22 | D        | Reached skill level 5 in Maces & Flails
    22 | D        | Reached skill level 5 in Polearms
    22 | D        | Reached skill level 5 in Staves
    22 | D        | Reached skill level 5 in Slings
    22 | D        | Reached skill level 5 in Crossbows
    22 | D        | Reached skill level 5 in Throwing
    22 | D        | Reached skill level 5 in Unarmed Combat
    22 | D        | Reached skill level 5 in Spellcasting
    22 | D        | Reached skill level 5 in Summonings
    22 | D        | Reached skill level 5 in Necromancy
    22 | D        | Reached skill level 5 in Translocations
    22 | D        | Reached skill level 5 in Transmutations
    22 | D        | Reached skill level 5 in Fire Magic
    22 | D        | Reached skill level 5 in Ice Magic
    22 | D        | Reached skill level 5 in Evocations
    22 | D        | Reached XP level 19. HP: 189/189 MP: 18/27
    22 | D        | Killed a meat berserker
    22 | D        | Reached **** piety under Makhleb
    22 | D        | Killed a meat berserker
    23 | D        | Reached skill level 10 in Hexes
    23 | D        | Reached skill level 10 in Earth Magic
    23 | D        | Reached skill level 10 in Invocations
    23 | D        | Reached XP level 20. HP: 163/197 MP: 18/32
    23 | D        | Killed a meat berserker
    23 | D        | Killed a meat berserker
    23 | D        | Reached ***** piety under Makhleb
    24 | D        | Reached skill level 10 in Short Blades
    24 | D        | Reached skill level 10 in Long Blades
    24 | D        | Reached skill level 10 in Maces & Flails
    24 | D        | Reached skill level 10 in Polearms
    24 | D        | Reached skill level 10 in Staves
    24 | D        | Reached skill level 10 in Crossbows
    24 | D        | Reached skill level 10 in Throwing
    24 | D        | Reached skill level 10 in Unarmed Combat
    24 | D        | Reached skill level 10 in Spellcasting
    24 | D        | Reached skill level 10 in Summonings
    24 | D        | Reached skill level 10 in Necromancy
    24 | D        | Reached skill level 10 in Fire Magic
    24 | D        | Reached skill level 10 in Ice Magic
    24 | D        | Reached XP level 21. HP: 204/204 MP: 18/35
    24 | D        | Noticed a large bag of meat
    24 | D        | Noticed a destroyer
    24 | D        | Killed a meat berserker
    24 | D        | Noticed a meat berserker
    25 | D        | Reached skill level 10 in Dodging
    25 | D        | Reached skill level 10 in Conjurations
    25 | D        | Reached skill level 10 in Translocations
    25 | D        | Reached XP level 22. HP: 212/212 MP: 18/37
    25 | D        | Killed a meat berserker
    25 | D        | Noticed a meat berserker
    25 | D        | Noticed a meat berserker
    26 | D        | Reached skill level 15 in Hexes
    26 | D        | Reached skill level 15 in Poison Magic
    26 | D        | Reached ****** piety under Makhleb
    26 | D        | Killed a meat berserker
    26 | D        | Killed a meat berserker
    27 | D        | Reached skill level 15 in Slings
    27 | D        | Reached skill level 15 in Transmutations
    27 | D        | Reached skill level 15 in Evocations
    27 | D        | Reached XP level 23. HP: 219/219 MP: 18/41
    27 | D        | Reached XP level 24. HP: 227/227 MP: 18/41
    28 | D        | Reached skill level 15 in Short Blades
    28 | D        | Reached skill level 15 in Long Blades
    28 | D        | Reached skill level 15 in Maces & Flails
    28 | D        | Reached skill level 15 in Polearms
    28 | D        | Reached skill level 15 in Staves
    28 | D        | Reached skill level 15 in Crossbows
    28 | D        | Reached skill level 15 in Throwing
    28 | D        | Reached skill level 15 in Unarmed Combat
    28 | D        | Reached skill level 15 in Spellcasting
    28 | D        | Reached skill level 15 in Summonings
    28 | D        | Reached skill level 15 in Necromancy
    28 | D        | Reached skill level 15 in Fire Magic
    28 | D        | Reached skill level 15 in Ice Magic
    28 | D        | Reached XP level 25. HP: 234/234 MP: 19/42
    29 | D        | Reached skill level 15 in Dodging
    29 | D        | Reached skill level 15 in Conjurations
    29 | D        | Reached skill level 15 in Translocations
    29 | D        | Reached XP level 26. HP: 242/242 MP: 19/44
    29 | D        | Killed a large bag of meat
    30 | D        | Reached skill level 15 in Bows
    30 | D        | Reached skill level 15 in Air Magic
    30 | D        | Reached XP level 27. HP: 202/249 MP: 19/45
    30 | D        | Noticed a destroyer
    33 | D        | Killed a destroyer
    33 | D        | Noticed a large bag of meat
    34 | D        | Killed a destroyer
    36 | D        | Killed a destroyer
    37 | D        | Reached skill level 27 in Stealth
    37 | D        | Reached skill level 27 in Poison Magic
    39 | D        | Noticed a destroyer
    39 | D        | Killed a large bag of meat
    43 | D        | Noticed a destroyer
    44 | D        | Reached skill level 27 in Hexes
    44 | D        | Reached skill level 27 in Earth Magic
    44 | D        | Reached skill level 27 in Invocations
    47 | D        | Killed a destroyer
    49 | D        | Noticed an accursed
    54 | D        | Killed a destroyer
    59 | D        | Noticed The Captor
    61 | D        | Reached skill level 27 in Slings
    61 | D        | Reached skill level 27 in Transmutations
    61 | D        | Reached skill level 27 in Evocations
    75 | D        | Noticed a meat beast
    77 | D        | Killed a meat beast
    84 | D        | Reached skill level 27 in Maces & Flails
    84 | D        | Reached skill level 27 in Spellcasting
    84 | D        | Reached skill level 27 in Necromancy
   125 | D        | Reached skill level 27 in Short Blades
   125 | D        | Reached skill level 27 in Long Blades
   125 | D        | Reached skill level 27 in Polearms
   125 | D        | Reached skill level 27 in Staves
   125 | D        | Reached skill level 27 in Crossbows
   125 | D        | Reached skill level 27 in Throwing
   125 | D        | Reached skill level 27 in Unarmed Combat
   125 | D        | Reached skill level 27 in Summonings
   125 | D        | Reached skill level 27 in Fire Magic
   125 | D        | Reached skill level 27 in Ice Magic
   128 | D        | Reached skill level 27 in Dodging
   128 | D        | Reached skill level 27 in Conjurations
   128 | D        | Reached skill level 27 in Translocations
   131 | D        | Reached skill level 27 in Bows
   131 | D        | Reached skill level 27 in Air Magic
   137 | D        | Noticed a destroyer
   138 | D        | Killed a destroyer
   145 | D        | Noticed a fleshlord
   146 | D        | Killed a fleshlord
   151 | D        | Noticed a destroyer
   152 | D        | Killed a destroyer
   155 | D        | Noticed a meat beast
   156 | D        | Killed a meat beast
   159 | D        | Noticed a fleshlord
   160 | D        | Killed a fleshlord
   166 | D        | Killed an accursed
   172 | D        | Noticed a tyrant
   173 | D        | Killed a tyrant
   176 | D        | Noticed a fleshlord
   177 | D        | Killed a fleshlord
   193 | D        | Noticed a meat beast
   194 | D        | Killed a meat beast
   197 | D        | Noticed a dread
   198 | D        | Killed a dread
   201 | D        | Noticed a fleshlord
   202 | D        | Killed a fleshlord
   204 | D        | Noticed a dread
   205 | D        | Killed a dread
   208 | D        | Noticed a fleshlord
   209 | D        | Killed a fleshlord
   214 | D        | Noticed a fleshlord
   215 | D        | Killed a fleshlord
   216 | D        | Noticed a large bag of meat
   216 | D        | Noticed an accursed
   217 | D        | Noticed a vile
   217 | D        | Noticed a dread
   217 | D        | Killed a large bag of meat
   219 | D        | HP: 12/249 [accursed/divine providence (10)]
   219 | D        | HP: 5/249 [??? (2)]
   220 | D        | Annihilated by a vile

Illustrated notes

Levels and vault maps discovered:
D:        meatsprint

Skill      XL: |  1  2  3  4  5  6  7  8  9 10 11 12 13 14 15 16 17 18 19 20 21 22 23 24 25 26 27 |
---------------+----------------------------------------------------------------------------------+-----
Fighting       | 14 18 20 24 26 27 | 27.0
Axes           | 17 22 25 27 | 27.0
Armour         | 14 18 20 25 26 27 | 27.0
Shields        | 15 19 22 26 27 | 27.0
Short Blades   | 5 8 10 11 14 15 16 18 27 | 27.0
Long Blades    | 5 8 10 11 14 15 16 18 27 | 27.0
Maces & Flails | 5 8 10 11 14 15 16 18 27 | 27.0
Polearms       | 5 8 10 11 14 15 16 18 27 | 27.0
Staves         | 5 8 10 11 14 15 16 18 27 | 27.0
Slings         | 5 9 11 12 15 16 18 19 27 | 27.0
Bows           | 4 7 8 9 12 13 14 15 27 | 27.0
Crossbows      | 5 8 10 11 14 15 16 18 27 | 27.0
Throwing       | 5 8 10 11 14 15 16 18 27 | 27.0
Dodging        | 4 7 9 10 13 14 15 16 27 | 27.0
Stealth        | 7 11 13 14 18 19 20 22 27 | 27.0
Unarmed Combat | 5 8 10 11 14 15 16 18 27 | 27.0
Spellcasting   | 5 8 10 11 14 15 17 18 27 | 27.0
Conjurations   | 4 7 9 10 13 14 15 16 27 | 27.0
Hexes          | 6 10 12 13 16 18 19 21 27 | 27.0
Summonings     | 5 8 10 11 14 15 16 18 27 | 27.0
Necromancy     | 5 8 10 11 14 15 17 18 27 | 27.0
Translocations | 5 8 9 10 13 14 15 16 27 | 27.0
Transmutations | 5 9 11 12 15 16 18 19 27 | 27.0
Fire Magic     | 5 8 10 11 14 15 16 18 27 | 27.0
Ice Magic      | 5 8 10 11 14 15 16 18 27 | 27.0
Air Magic      | 4 7 8 9 12 13 14 15 27 | 27.0
Earth Magic    | 6 10 12 13 16 18 19 20 27 | 27.0
Poison Magic   | 7 11 13 14 18 19 20 22 27 | 27.0
Invocations    | 6 10 12 13 16 18 19 20 27 | 27.0
Evocations     | 5 9 11 12 15 16 18 19 27 | 27.0

Action                   |  1- 3 |  4- 6 |  7- 9 | 10-12 | 13-15 | 16-18 | 19-21 | 22-24 | 25-27 || total
-------------------------+-------+-------+-------+-------+-------+-------+-------+-------+-------++-------
Melee: Executioner's axe |     1 |       |       |     1 |     1 |     4 |     3 |     3 |    60 ||    73
 Abil: Dig               |       |       |       |       |       |       |       |       |    16 ||    16
  Use: Potion            |       |       |       |       |       |       |       |       |     1 ||     1
Armor: Scale mail        |       |       |       |       |       |       |       |       |     2 ||     2
Dodge: Dodged            |       |       |       |       |       |       |       |       |     7 ||     7
Block: Kite shield       |       |       |       |       |       |       |       |     1 |    12 ||    13

Table legend: (Time is in decaauts)
 A = Elapsed time spent in this place.
 B = Non-inter-level travel time spent in this place.
 C = Inter-level travel time spent in this place.
 D = Time resting spent in this place.
 E = Time spent auto-exploring this place.
 F = Levels seen in this place.
 G = Mean time per level.
                   A        B        C        D        E       F      G
               +--------+--------+--------+--------+--------+-----+--------+
         Total |    200 |    200 |      0 |     14 |      0 |   1 |  200.0 |
       Dungeon |    200 |    200 |      0 |     14 |      0 |   1 |  200.0 |
               +--------+--------+--------+--------+--------+-----+--------+

Top non-repeatable levels by time:
       D: 200 daAuts
